| TOP OF THE 1ST |
|
Scranton WB RailRiders batting - Pitching for Buffalo Bisons : RHP Timo Lantinga
|
|
Pitching: RHP Timo Lantinga
|
|
|
Batting: RHB Devon Utley
|
0-0: Ball 1-0: Ball 2-0: Called Strike 2-1: Foul Ball, location: 2F 2-2: Ball 3-2: Strikes out swinging
|
|
Batting: LHB Aaron Joyner
|
0-0: Called Strike 0-1: Foul Ball, location: 2F 0-2: Strikes out looking
|
|
Batting: SHB Ryan Buchbinder
|
0-0: Ball 1-0: Ball 2-0: Ground out 5-3 (Groundball, 56, EV 82.5 MPH)
|
| Top of the 1st over - 0 runs, 0 hits, 0 errors, 0 left on base; Scranton WB 0 - Buffalo 0 |
| BOTTOM OF THE 1ST |
|
Buffalo Bisons batting - Pitching for Scranton WB RailRiders : RHP Johnny Marquez
|
|
Pitching: RHP Johnny Marquez
|
|
|
Batting: RHB Michel Martineau
|
0-0: Called Strike 0-1: Ball 1-1: Ball 2-1: Fly out, F7 (Flyball, 7, EV 91.2 MPH)
|
|
Batting: RHB Väinö Tapaninen
|
0-0: Ball 1-0: SOLO HOME RUN (Flyball, 7D, EV 97.5 MPH), Distance : 363 ft
|
|
Batting: SHB Dominik Hasek II
|
0-0: Foul Ball, location: 2F 0-1: Foul Ball, location: 2F 0-2: SINGLE (Line Drive, 78S, EV 96.9 MPH)
|
|
Batting: RHB Alex Ramos
|
0-0: Ball 1-0: Ball 2-0: Called Strike 2-1: Ball Dominik Hasek II steals 2nd base (no throw) 3-1: Foul Ball, location: 2F 3-2: Strikes out swinging
|
|
Batting: RHB Kyle Scruggs
|
0-0: Called Strike 0-1: Ball 1-1: Ball 2-1: Ground out 5-3 (Groundball, 5, EV 88.1 MPH)
|
| Bottom of the 1st over - 1 run, 2 hits, 0 errors, 1 left on base; Scranton WB 0 - Buffalo 1 |
| TOP OF THE 2ND |
|
Scranton WB RailRiders batting - Pitching for Buffalo Bisons : RHP Timo Lantinga
|
|
Batting: LHB Dan Morris
|
0-0: SINGLE (Groundball, 34D, EV 98.1 MPH)
|
|
Batting: LHB Jose Lebron
|
0-0: Ball 1-0: Called Strike 1-1: Called Strike 1-2: Fly out, F8 (Flyball, 8RD, EV 108.1 MPH)
|
|
Batting: RHB Andy Wasierski
|
0-0: Called Strike 0-1: Ball 1-1: Called Strike 1-2: Ball 2-2: Ball 3-2: Foul Ball, location: 2F 3-2: Strikes out swinging Dan Morris is caught stealing 2nd base 2-4 Batter strikes out.
|
| Top of the 2nd over - 0 runs, 1 hit, 0 errors, 0 left on base; Scranton WB 0 - Buffalo 1 |
| BOTTOM OF THE 2ND |
|
Buffalo Bisons batting - Pitching for Scranton WB RailRiders : RHP Johnny Marquez
|
|
Batting: RHB Leo Mair
|
0-0: Ball 1-0: Swinging Strike 1-1: Ground out 5-3 (Groundball, 56S, EV 75.6 MPH)
|
|
Batting: RHB Jorge Baret
|
0-0: Called Strike 0-1: Foul Ball, location: 2F 0-2: Foul Ball, location: 2F 0-2: Ball 1-2: Ball 2-2: Ball 3-2: Fly out, F8 (Flyball, 89M, EV 86.9 MPH)
|
|
Batting: RHB Bryan Peterson
|
0-0: Ball 1-0: Swinging Strike 1-1: Called Strike 1-2: Ball 2-2: Ball 3-2: SINGLE (Groundball, 6MD, EV 98.8 MPH)
|
|
Batting: RHB Jose Garza
|
0-0: Ball 1-0: Swinging Strike 1-1: Ball 2-1: Foul Ball, location: 2F 2-2: Ball 3-2: Base on Balls Bryan Peterson to second
|
|
Batting: RHB Michel Martineau
|
0-0: Called Strike Bryan Peterson steals 3rd base 0-1: Foul Ball, location: 2F 0-2: Ball 1-2: Ball 2-2: Ball 3-2: SINGLE (Groundball, 15S, EV 72.5 MPH) (infield hit) Bryan Peterson scores Jose Garza to second
|
|
Batting: RHB Väinö Tapaninen
|
0-0: Ball 1-0: Called Strike 1-1: Ball 2-1: Ball 3-1: Ground out 5-3 (Groundball, 56S, EV 79.4 MPH)
|
| Bottom of the 2nd over - 1 run, 2 hits, 0 errors, 2 left on base; Scranton WB 0 - Buffalo 2 |
| TOP OF THE 3RD |
|
Scranton WB RailRiders batting - Pitching for Buffalo Bisons : RHP Timo Lantinga
|
|
Batting: SHB Jose Vargas
|
0-0: Ball 1-0: Ball 2-0: SINGLE (Groundball, 3D, EV 93.8 MPH)
|
|
Batting: RHB Josh Zoglmann
|
0-0: Ball 1-0: Called Strike 1-1: Swinging Strike 1-2: Ball 2-2: Fielders Choice at 2nd, 4-6 (Groundball, 4M, EV 101.2 MPH)
|
|
Batting: SHB Joe Fure
|
0-0: Called Strike Josh Zoglmann steals 2nd base (no throw) 0-1: Foul Ball, location: 2F 0-2: Ground out 5-3 (Groundball, 56S, EV 85.6 MPH)
|
|
Batting: RHB Devon Utley
|
0-0: Ground out 6-3 (Groundball, 6D, EV 93.8 MPH)
|
| Top of the 3rd over - 0 runs, 1 hit, 0 errors, 1 left on base; Scranton WB 0 - Buffalo 2 |
| BOTTOM OF THE 3RD |
|
Buffalo Bisons batting - Pitching for Scranton WB RailRiders : RHP Johnny Marquez
|
|
Batting: SHB Dominik Hasek II
|
0-0: Called Strike 0-1: Ball 1-1: Swinging Strike 1-2: Ball 2-2: Fly out, F9 (Line Drive, 9S, EV 103.1 MPH)
|
|
Batting: RHB Alex Ramos
|
0-0: Ball 1-0: SINGLE (Groundball, 4D, EV 99.4 MPH)
|
|
Batting: RHB Kyle Scruggs
|
0-0: Called Strike Alex Ramos steals 2nd base (no throw) 0-1: Foul Ball, location: 2F 0-2: Ground out 5-3 (Groundball, 56S, EV 78.1 MPH)
|
|
Batting: RHB Leo Mair
|
0-0: SINGLE (Groundball, 34, EV 96.2 MPH) Alex Ramos to third Runner from 3rd tries for Home, SAFE, throw by RF to home
|
|
Batting: RHB Jorge Baret
|
0-0: Ball 1-0: SINGLE (Flyball, 3D, EV 91.9 MPH) Leo Mair to second Runner from 2nd tries for 3rd, SAFE, throw by RF made to third
|
|
Batting: RHB Bryan Peterson
|
0-0: Fielders Choice at 2nd, 6-4 (Groundball, 6, EV 107.5 MPH)
|
| Bottom of the 3rd over - 1 run, 3 hits, 0 errors, 2 left on base; Scranton WB 0 - Buffalo 3 |
| TOP OF THE 4TH |
|
Scranton WB RailRiders batting - Pitching for Buffalo Bisons : RHP Timo Lantinga
|
|
Batting: LHB Aaron Joyner
|
0-0: Ground out 1-3 (Groundball, 15S, EV 70.0 MPH)
|
|
Batting: SHB Ryan Buchbinder
|
0-0: Ball 1-0: SINGLE (Flyball, 8LS, EV 95.6 MPH)
|
|
Batting: LHB Dan Morris
|
0-0: Fly out, F9 (Flyball, 9, EV 83.1 MPH)
|
|
Batting: LHB Jose Lebron
|
0-0: Foul Ball, location: 2F 0-1: Ball 1-1: Foul Ball, location: 2F 1-2: Strikes out looking
|
| Top of the 4th over - 0 runs, 1 hit, 0 errors, 1 left on base; Scranton WB 0 - Buffalo 3 |
| BOTTOM OF THE 4TH |
|
Buffalo Bisons batting - Pitching for Scranton WB RailRiders : RHP Johnny Marquez
|
|
Batting: RHB Jose Garza
|
0-0: Ball 1-0: Called Strike 1-1: Ball 2-1: DOUBLE (Groundball, 5L, EV 100.0 MPH)
|
|
Batting: RHB Michel Martineau
|
0-0: DOUBLE (Line Drive, 3D, EV 96.2 MPH) Jose Garza scores
|
|
Batting: RHB Väinö Tapaninen
|
0-0: Ground out 6-3 (Groundball, 6MD, EV 88.1 MPH) Michel Martineau to third
|
|
Batting: SHB Dominik Hasek II
|
0-0: Called Strike 0-1: Ground out 5-3 (Groundball, 56, EV 99.4 MPH) Michel Martineau scores
|
|
Batting: RHB Alex Ramos
|
0-0: Swinging Strike 0-1: Foul Ball, location: 2F 0-2: Ball 1-2: Hit by Pitch
|
|
Batting: RHB Kyle Scruggs
|
0-0: Ball 1-0: Foul Ball, location: 2F 1-1: Called Strike 1-2: Fly out, F8 (Flyball, 8RXD, EV 86.2 MPH)
|
| Bottom of the 4th over - 2 runs, 2 hits, 0 errors, 1 left on base; Scranton WB 0 - Buffalo 5 |
| TOP OF THE 5TH |
|
Scranton WB RailRiders batting - Pitching for Buffalo Bisons : RHP Timo Lantinga
|
|
Batting: RHB Andy Wasierski
|
0-0: Ball 1-0: Called Strike 1-1: SINGLE (Groundball, 34D, EV 104.4 MPH)
|
|
Batting: SHB Jose Vargas
|
0-0: Ball 1-0: Called Strike 1-1: Foul Ball, location: 2F 1-2: Ball 2-2: Fielders Choice at 2nd, 4-6 (Groundball, 34S, EV 93.1 MPH)
|
|
Batting: RHB Josh Zoglmann
|
0-0: Foul Ball, location: 2F 0-1: Foul Ball, location: 2F 0-2: Ball 1-2: Strikes out swinging
|
|
Batting: SHB Joe Fure
|
0-0: Ball 1-0: Ground out U3 (Groundball, 3, EV 81.2 MPH)
|
| Top of the 5th over - 0 runs, 1 hit, 0 errors, 1 left on base; Scranton WB 0 - Buffalo 5 |
| BOTTOM OF THE 5TH |
|
Buffalo Bisons batting - Pitching for Scranton WB RailRiders : RHP Johnny Marquez
|
|
Pitching: RHP Whitney Batten
|
|
|
Batting: RHB Leo Mair
|
0-0: Foul Ball, location: 2F 0-1: Ball 1-1: Ball 2-1: SINGLE (Groundball, 4D, EV 102.5 MPH)
|
|
Batting: RHB Jorge Baret
|
0-0: Ball 1-0: Swinging Strike 1-1: Fly out, F7 (Flyball, 78M, EV 93.8 MPH)
|
|
Batting: RHB Bryan Peterson
|
0-0: Fly out, F7 (Flyball, 7D, EV 98.1 MPH)
|
|
Batting: RHB Jose Garza
|
0-0: Ball 1-0: Ball 2-0: Ground out 4-3 (Groundball, 34S, EV 91.2 MPH)
|
| Bottom of the 5th over - 0 runs, 1 hit, 0 errors, 1 left on base; Scranton WB 0 - Buffalo 5 |
| TOP OF THE 6TH |
|
Scranton WB RailRiders batting - Pitching for Buffalo Bisons : RHP Timo Lantinga
|
|
Batting: RHB Devon Utley
|
0-0: Ball 1-0: Ball 2-0: Called Strike 2-1: Ground out 5-3 (Groundball, 5S, EV 73.8 MPH)
|
|
Batting: LHB Aaron Joyner
|
0-0: Ball 1-0: Ground out 4-3 (Groundball, 4, EV 85.0 MPH)
|
|
Batting: SHB Ryan Buchbinder
|
0-0: Ball 1-0: Ground out 1-3 (Groundball, 25, EV 65.0 MPH)
|
| Top of the 6th over - 0 runs, 0 hits, 0 errors, 0 left on base; Scranton WB 0 - Buffalo 5 |
| BOTTOM OF THE 6TH |
|
Buffalo Bisons batting - Pitching for Scranton WB RailRiders : RHP Whitney Batten
|
|
Batting: RHB Michel Martineau
|
0-0: Called Strike 0-1: Ball 1-1: Swinging Strike 1-2: Ball 2-2: Ball 3-2: Foul Ball, location: 2F 3-2: Base on Balls
|
|
Batting: RHB Väinö Tapaninen
|
0-0: Ball Michel Martineau is caught stealing 2nd base 2-4 1-0: Ball 2-0: Fly out, F7 (Flyball, 7, EV 88.8 MPH)
|
|
Batting: SHB Dominik Hasek II
|
0-0: Ball 1-0: Called Strike 1-1: Foul Ball, location: 2F 1-2: Ground out 6-3 (Groundball, 6, EV 81.2 MPH)
|
| Bottom of the 6th over - 0 runs, 0 hits, 0 errors, 0 left on base; Scranton WB 0 - Buffalo 5 |
| TOP OF THE 7TH |
|
Scranton WB RailRiders batting - Pitching for Buffalo Bisons : RHP Timo Lantinga
|
|
Batting: LHB Dan Morris
|
0-0: Foul Ball, location: 2F 0-1: Ball 1-1: Ground out 4-3 (Groundball, 4M, EV 96.9 MPH)
|
|
Batting: LHB Jose Lebron
|
0-0: Called Strike 0-1: Ground out U3 (Groundball, 34S, EV 83.8 MPH)
|
|
Batting: RHB Andy Wasierski
|
0-0: Called Strike 0-1: Ground out 3-1 (Groundball, 34, EV 103.8 MPH)
|
| Top of the 7th over - 0 runs, 0 hits, 0 errors, 0 left on base; Scranton WB 0 - Buffalo 5 |
| BOTTOM OF THE 7TH |
|
Buffalo Bisons batting - Pitching for Scranton WB RailRiders : RHP Whitney Batten
|
|
Batting: RHB Alex Ramos
|
0-0: Fly out, F8 (Flyball, 8RD, EV 92.5 MPH)
|
|
Batting: RHB Kyle Scruggs
|
0-0: Ball 1-0: Ground out 6-3 (Groundball, 6, EV 105.6 MPH)
|
|
Batting: RHB Leo Mair
|
0-0: Called Strike 0-1: Fly out, F9 (Flyball, 9D, EV 83.8 MPH)
|
| Bottom of the 7th over - 0 runs, 0 hits, 0 errors, 0 left on base; Scranton WB 0 - Buffalo 5 |
| TOP OF THE 8TH |
|
Scranton WB RailRiders batting - Pitching for Buffalo Bisons : RHP Timo Lantinga
|
|
Batting: SHB Jose Vargas
|
0-0: Ball 1-0: Called Strike 1-1: Foul Ball, location: 2F 1-2: Strikes out swinging
|
|
Pinch Hitting: SHB Mukhtar Wa'il
|
0-0: Called Strike 0-1: Ground out U3 (Groundball, 34, EV 87.5 MPH)
|
|
Batting: SHB Joe Fure
|
0-0: Ball 1-0: Ball 2-0: Ball 3-0: Called Strike 3-1: Foul Ball, location: 2F 3-2: Base on Balls
|
|
Batting: RHB Devon Utley
|
0-0: Ball 1-0: Swinging Strike 1-1: Ball Pickoff Throw by Catcher to First - Error! E2 Joe Fure to second 2-1: Fly out, F4 (Popup, 4M, EV 63.8 MPH)
|
| Top of the 8th over - 0 runs, 0 hits, 1 error, 1 left on base; Scranton WB 0 - Buffalo 5 |
| BOTTOM OF THE 8TH |
|
Buffalo Bisons batting - Pitching for Scranton WB RailRiders : RHP Whitney Batten
|
|
Now at SS: Jordan Barragan
|
|
|
Batting: RHB Jorge Baret
|
0-0: SINGLE (Flyball, 8LS, EV 93.1 MPH)
|
|
Batting: RHB Bryan Peterson
|
0-0: Swinging Strike 0-1: SINGLE (Groundball, 4MD, EV 96.9 MPH) Jorge Baret to second Runner from 2nd tries for 3rd, SAFE, throw by CF made to third
|
|
Batting: RHB Jose Garza
|
0-0: Called Strike 0-1: Called Strike Bryan Peterson is caught stealing 2nd base 2-4 0-2: Ball 1-2: Foul Ball, location: 2F 1-2: Ball 2-2: SINGLE (Flyball, 3D, EV 86.9 MPH) Jorge Baret scores
|
|
Pitching: LHP Ramon Escobedo
|
|
|
Batting: RHB Michel Martineau
|
0-0: Ball 1-0: Ball 2-0: Fielders Choice at 2nd, 4-6 (Groundball, 4D, EV 109.4 MPH)
|
|
Batting: RHB Väinö Tapaninen
|
0-0: Foul Ball, location: 2F 0-1: Called Strike 0-2: Ball 1-2: DOUBLE (Flyball, 78D, EV 95.6 MPH) Michel Martineau to third Runner from 3rd tries for Home, SAFE, throw by CF to trailing runner, SAFE at third!
|
|
Batting: SHB Dominik Hasek II
|
0-0: Called Strike 0-1: Foul Ball, location: 2F 0-2: Ball 1-2: Ground out 4-3 (Groundball, 4S, EV 70.0 MPH)
|
| Bottom of the 8th over - 2 runs, 4 hits, 0 errors, 1 left on base; Scranton WB 0 - Buffalo 7 |
| TOP OF THE 9TH |
|
Scranton WB RailRiders batting - Pitching for Buffalo Bisons : RHP Timo Lantinga
|
|
Pinch Hitting: RHB Mike Plugge
|
0-0: Ball 1-0: Fly out, F9 (Flyball, 9, EV 90.0 MPH)
|
|
Batting: SHB Ryan Buchbinder
|
0-0: Ball 1-0: Ball 2-0: Ball 3-0: Called Strike 3-1: Called Strike 3-2: Foul Ball, location: 2F 3-2: Ground out 6-3 (Groundball, 6, EV 105.0 MPH)
|
|
Batting: LHB Dan Morris
|
0-0: Called Strike 0-1: Ball 1-1: Ball 2-1: Called Strike 2-2: Fly out, F8 (Flyball, 78D, EV 103.8 MPH)
|
| Top of the 9th over - 0 runs, 0 hits, 0 errors, 0 left on base; Scranton WB 0 - Buffalo 7 |
|